 Dungeon Crawl Stone Soup version 0.24.0-37-gcf1ca852f1 (webtiles) character file.

Game seed: 1440589657387445696, levelgen mode: deterministic

1176 grindst0ne the Slasher (level 8, -4/64 HPs)
             Began as a Vampire Fighter on Nov 21, 2019.
             Was an Initiate of Gozag.
             Slain by Blork the orc
             ... wielding a +1 vampiric glaive
              (10 damage)
             ... on level 6 of the Dungeon.
             The game lasted 00:06:19 (4350 turns).

grindst0ne the Slasher (Vampire Fighter)            Turns: 4350, Time: 00:06:20

Health: -4/64      AC: 11    Str: 16    XL:     8   Next: 18%
Magic:  8/8        EV:  4    Int: 10    God:    Gozag
Gold:   135        SH: 10    Dex: 15    Spells: 7/7 levels left

rFire    . . .     SeeInvis +   a - +0 long sword
rCold    . . .     Gourm    .   c - +0 shield
rNeg     . . .     Faith    .   j - +0 chain mail
rPois    .         Spirit   .   r - +2 hat
rElec    .         Reflect  .   l - +0 cloak
rCorr    .         Harm     .   (no gloves)
MR       .....                  (no boots)
Stlth    ..........             (no amulet)
HPRegen  0.40/turn              x - ring of stealth
MPRegen  0.11/turn              y - ring of wizardry

@: regenerating quickly
A: no food, fangs 3, see invisible, unbreathing
a: Exsanguinate, Potion Petition, Call Merchant, Bribe Branch, Renounce Religion


You were on level 6 of the Dungeon.
You worshipped Gozag.
Gozag was aware of your devotion.
You were alive.

You visited 2 branches of the dungeon, and saw 7 of its levels.

You collected 202 gold pieces.
You paid 67 gold pieces to Gozag.

Inventory:

Hand Weapons
 a - a +0 long sword (weapon)
 A - a +3 war axe of flaming
Armour
 b - a +0 scale mail
 c - a +0 shield (worn)
 j - a +0 chain mail (worn)
 l - a +0 cloak (worn)
 r - a +2 hat (worn)
Jewellery
 x - a ring of stealth (left hand)
 y - a ring of wizardry (right hand)
Wands
 u - a wand of disintegration (6)
 D - a wand of random effects (13)
 E - a wand of iceblast (9)
Scrolls
 f - 3 scrolls of noise {unknown}
 i - 2 scrolls of remove curse {unknown}
 k - a scroll of fog {unknown}
 m - a scroll of magic mapping {unknown}
 n - a scroll of fear {unknown}
 o - 4 scrolls of teleportation {unknown}
 p - 4 scrolls of identify {unknown}
 v - a scroll of enchant armour {unknown}
 z - a scroll of enchant weapon {unknown}
 C - a scroll of blinking {unknown}
Potions
 d - 3 potions of might
 e - 3 potions of berserk rage {unknown}
 g - 3 potions of heal wounds {unknown}
 q - a potion of agility {unknown}
 s - a potion of resistance {unknown}
 t - 2 potions of magic {unknown}
 w - a potion of haste {unknown}
 B - a potion of invisibility {unknown}


   Skills:
 + Level 5.7 Fighting
 + Level 5.9 Long Blades
 - Level 2.4 Armour
 + Level 5.8 Shields


You had 7 spell levels left.
You didn't know any spells.
Your spell library was empty.

Dungeon Overview and Level Annotations

Branches:
Dungeon (6/15)             Temple (1/1) D:6

Altars:
Ashenzari
Gozag
Nemelex Xobeh
Okawaru
Qazlal
Ru
Vehumet
Xom
Yredelemnul

Annotations:
D:6 Blork the orc


Innate Abilities, Weirdness & Mutations

You do not eat.
Your natural rate of healing is unusually fast.
You have razor-sharp teeth.
You have supernaturally acute eyesight. (SInv)
You can survive without breathing.


Message History

Blork the orc draws strength from your wounds!
Blork the orc hits you with a +1 vampiric glaive!
* * * LOW HITPOINT WARNING * * *
Blork the orc draws strength from your wounds!
Blork the orc hits you but does no damage.
Found 20 gold pieces.
Found a scroll labeled QEKHIO TEAG.
Found a stone staircase leading up.
Blork the orc casts a spell at you. The magic dart hits you!
* * * LOW HITPOINT WARNING * * *
Okay, then.
Throwing (i - inventory)
h - a throwing net (quivered)
Press: ? - help, Shift-Dir - straight line, f - Blork the orc
Aim: Blork the orc, wielding a +1 vampiric glaive and wearing a +1 robe of cold resistance (fast)
You throw a throwing net.
The throwing net barely misses Blork the orc.
Blork the orc screams, "I'll eat your brain!
And then I'll vomit it back up!"
Blork the orc hits you from afar with a +1 vampiric glaive!
You die...
Your body crumbles into a pile of gold.

. ..........# #.......
..........#.#.###.......
........###.#..##.......
<.....###...##.####..###
....#........#..# #.>#
......##..>..##...##.#
.......#........#.#
?......##...###...
.......@#.###...##
......$.#$#...#
........o.....#
.........#...##
..######.....# . ##....#
....# .(..# .####


You could see Blork the orc.

Vanquished Creatures
  Grinder (D:5)
  2 ice beasts (D:6)
  A phantom (D:4)
  A centaur (D:5)
  A scorpion (D:4)
  A crimson imp (D:5)
  5 hounds
  5 orc priests
  3 orc wizards
  A worker ant (D:4)
  A worker ant zombie (D:5)
  2 gnolls (D:1)
  3 adders
  2 oozes (D:1)
  An adder skeleton (D:4)
  2 worms
  4 leopard geckos
  15 orcs
  3 giant cockroaches
  9 goblins
  10 hobgoblins
  4 jackals (D:1)
  10 bats
  6 frilled lizards
  6 kobolds
  7 rats
106 creatures vanquished.

Notes
Turn   | Place    | Note
-------+----------+-------------------------------------------
     0 | D:1      | grindst0ne the Vampire Fighter began the quest for the Orb.
     0 | D:1      | Reached XP level 1. HP: 17/17 MP: 1/1
    62 | D:1      | Reached XP level 2. HP: 23/23 MP: 2/2
   241 | D:1      | Reached XP level 3. HP: 29/29 MP: 3/3
   999 | D:2      | Reached XP level 4. HP: 35/35 MP: 4/4
  1533 | D:2      | Found a faded altar of an unknown god.
  1771 | D:3      | Reached XP level 5. HP: 42/42 MP: 5/5
  2763 | D:4      | Reached XP level 6. HP: 39/48 MP: 6/6
  2897 | D:4      | Found a basalt altar of Yredelemnul.
  2914 | D:4      | You fall into a shaft and drop 1 floor!
  2914 | D:5      | Entered Level 5 of the Dungeon
  3301 | D:5      | Reached XP level 7. HP: 55/55 MP: 7/7
  3444 | D:5      | Reached skill level 5 in Shields
  3446 | D:5      | Reached skill level 5 in Fighting
  3488 | D:5      | Noticed Grinder
  3501 | D:5      | Killed Grinder
  3501 | D:5      | Reached skill level 5 in Long Blades
  3706 | D:6      | Found a shattered altar of Ashenzari.
  3945 | D:6      | Reached XP level 8. HP: 34/63 MP: 8/8
  4265 | D:6      | Found a staircase to the Ecumenical Temple.
  4273 | Temple   | Entered the Ecumenical Temple
  4297 | Temple   | Became a worshipper of Gozag Ym Sagoz the Greedy
  4321 | D:6      | Noticed Blork the orc
  4350 | D:6      | Slain by Blork the orc

Levels and vault maps discovered:
D:1:      psy_arrival_whirlpool, layout_basic
D:2:      layout_rooms, chequers_ecumenical_altar_lobes
D:3:      layout_basic
D:4:      layout_loops_ring, yredelemnul_altar_generic
D:5:      layout_basic, first_ration, uniq_grinder
D:6:      layout_basic, cheibrodos_ashenzari_chains,
          minmay_temple_entry_slanted, uniq_blork_the_orc
Temple:   regret_index_temple_mists

Skill      XL: |  1  2  3  4  5  6  7 |
---------------+----------------------+-----
Fighting       | 3 4 5 |  5.7
Shields        | 3 4 5 |  5.8
Long Blades    | 3 4 5 |  5.9
Armour         | |  2.4

Action                   |  1- 3 |  4- 6 |  7- 9 || total
-------------------------+-------+-------+-------++-------
Melee: Long sword        |    98 |   243 |   133 ||   474
       Bite              |    11 |    24 |    14 ||    49
Throw: Throwing net      |       |       |     1 ||     1
Evoke: Wand              |       |       |     5 ||     5
Armor: Scale mail        |    13 |       |       ||    13
       Chain mail        |    33 |   144 |    87 ||   264
Dodge: Dodged            |    32 |    41 |    21 ||    94
Block: Shield            |    53 |   122 |    79 ||   254
       Rpst.: Long sword |     6 |    12 |     3 ||    21
